 Dungeon Crawl Stone Soup version 0.18-a0-1577-gf591c28 (console) character file.

259 Liam the Conjurer (level 5, 0/28 HPs)
             Began as a Deep Elf Conjurer on Mar 18, 2016.
             Shot with an arrow by a centaur (17 damage)
             ... on level 4 of the Dungeon.
             The game lasted 00:09:19 (3114 turns).

Liam the Conjurer (Deep Elf Conjurer)               Turns: 3114, Time: 00:09:19

Health: 0/28       AC: 10    Str: 10    XL:     5   Next: 95%
Magic:  0/14       EV: 20    Int: 23    God:
Gold:   157        SH:  0    Dex: 20    Spells: 3 memorised, 4 levels left

rFire  + . .     SeeInvis .     (no weapon)
rCold  + . .     Gourm    .     a - +0 robe
rNeg   . . .     Faith    .     (no shield)
rPois  +         Spirit   .     x - +2 helmet
rElec  +         Dismiss  .     u - +0 cloak
rCorr  +         Reflect  .     m - +0 pair of gloves
SustAt .         Harm     .     p - +1 pair of boots
MR     .....                    (no amulet)
Stlth  ++++......               g - -3 ring of intelligence (curse)
                                q - +2 ring of evasion

@: mighty, brilliant, agile, resistant, very slightly contaminated, hasted, very
quick, not resistant to hostile enchantments, stealthy
A: icy blue scales 1
a: no special abilities


You were on level 4 of the Dungeon.
You were hungry.

You visited 1 branch of the dungeon, and saw 4 of its levels.

You collected 157 gold pieces.

Inventory:

Armour
 a - a +0 robe (worn)
 m - a +0 pair of gloves (worn)
 p - a +1 pair of boots (worn)
 u - a +0 cloak (worn)
 x - a +2 helmet (worn)
Jewellery
 g - a cursed -3 ring of intelligence (right hand)
 q - a +2 ring of evasion (left hand)
Scrolls
 h - 3 scrolls of magic mapping
 k - 3 scrolls of amnesia
 n - 5 scrolls of identify
Potions
 i - a potion of might
 j - 2 potions of curing
 o - a potion of haste
Books
 b - a book of Conjurations

   Spells                             Type                      Level
   a - Magic Dart                     Conjuration                  1
   b - Searing Ray                    Conjuration                  2
   c - Dazzling Spray                 Conjuration/Hexes            3
   d - Fulminant Prism                Conjuration/Hexes            4
   e - Iskenderun's Mystic Blast      Conjuration                  4
   f - Iskenderun's Battlesphere      Conjuration/Charms           5
Comestibles
 c - 3 bread rations
 d - a slice of pizza
 f - 10 fruits
 l - a meat ration


   Skills:
 - Level 2.4 Dodging
 - Level 5.0 Stealth
 + Level 5.1 Spellcasting
 * Level 5.9 Conjurations
 + Level 1.1 Charms


You had 4 spell levels left.
You knew the following spells:

 Your Spells              Type           Power        Failure   Level  Hunger
a - Magic Dart            Conj           ####         1%          1    None
b - Iskenderun's Battles  Conj/Chrm      #####...     12%         5    #####..
p - Iskenderun's Mystic   Conj           #####...     1%          4    ####...


Dungeon Overview and Level Annotations

Branches:
Dungeon (4/15)             Temple (0/1) D:4

Altars:
Elyvilon
Kikubaaqudgha
Makhleb
Zin


Innate Abilities, Weirdness & Mutations

You are partially covered in icy blue scales (AC +1).


Message History

A jackal comes into view.
Drink which item? (? for menu, Esc to quit)
It was a potion of brilliance.
You feel clever all of a sudden.
Casting: Magic Dart
Confirm with . or Enter, or press ? or * to list all spells.
Aiming: Magic Dart
Press: ? - help, Shift-Dir - straight line, f/p - centaur
Aim: a centaur, wielding a shortbow (severely wounded)
The magic dart hits the centaur.
The centaur is severely wounded.
The centaur unwields an uncursed shortbow.
The centaur completely misses you.
The centaur wields an uncursed shortbow.
The centaur shoots an arrow.
The arrow completely misses you.
The centaur shoots an arrow.
The arrow closely misses you.
The centaur shoots an arrow.
The arrow closely misses you.
The centaur shoots an arrow.
The arrow hits you!
Ouch! That really hurt!
You die...

* ******** ,,,,,,,**
,,,,,,,,*#################
******,,*......(@.....chh#
*,,*?##.###########(#
******,,*,**,*
*****#.#******
,,,,,,,,,,,,,*
*,,,,..c,,,,,*
******,,,,*,,*
*,**##.##***,** **,***,,*
*,* #.# **,,,* *,***,,****
*,* #.#**,,,,, *,,,,,,,,,*
*,* #.#*,,,>,,
*,,**,,**,***,***#..,,,,,,,


You could see a centaur and a jackal.

Vanquished Creatures
  A howler monkey (D:4)
  Jessica (D:3)
  Ijyb (D:3)
  Terence (D:2)
  Robin (D:2)
  6 gnolls
  An adder (D:2)
  5 worms
  An orc (D:3)
  A giant cockroach (D:2)
  16 goblins
  5 hobgoblins
  2 jackals (D:3)
  6 kobolds
  A quokka (D:2)
  A ball python (D:2)
  4 bats
  2 giant newts
  8 rats
64 creatures vanquished.

Notes
Turn   | Place    | Note
--------------------------------------------------------------
     0 | D:1      | Liam the Deep Elf Conjurer began the quest for the Orb.
     0 | D:1      | Reached XP level 1. HP: 10/10 MP: 6/6
   278 | D:1      | Reached XP level 2. HP: 15/15 MP: 5/8
   701 | D:2      | Found an ancient bone altar of Kikubaaqudgha.
   872 | D:2      | Noticed Terence
   878 | D:2      | Killed Terence
   878 | D:2      | Reached XP level 3. HP: 11/19 MP: 1/10
  1183 | D:2      | Found a glowing silver altar of Zin.
  1347 | D:2      | Found a burning altar of Makhleb.
  1347 | D:2      | Noticed an Executioner
  1350 | D:2      | Noticed a hellwing
  1350 | D:2      | Noticed an orange demon
  1441 | D:2      | Reached skill level 5 in Conjurations
  1573 | D:3      | Noticed Robin
  1577 | D:3      | Reached XP level 4. HP: 24/24 MP: 7/12
  1594 | D:2      | Killed Robin
  1905 | D:3      | Learned a level 4 spell: Iskenderun's Mystic Blast
  1925 | D:3      | Reached XP level 5. HP: 17/28 MP: 0/13
  2156 | D:3      | Noticed Jessica
  2163 | D:3      | Killed Jessica
  2235 | D:3      | Noticed Ijyb
  2251 | D:3      | Killed Ijyb
  2251 | D:3      | Reached skill level 5 in Spellcasting
  2691 | D:3      | Found a white marble altar of Elyvilon.
  2694 | D:3      | Reached skill level 5 in Stealth
  2905 | D:3      | Learned a level 5 spell: Iskenderun's Battlesphere
  3045 | D:4      | Reached skill level 1 in Charms
  3093 | D:4      | Noticed a centaur
  3106 | D:4      | Gained mutation: Your muscles are strong. (Str +2) [potion of mutation]
  3106 | D:4      | Gained mutation: You are partially covered in icy blue scales (AC +1). [potion of mutation]
  3106 | D:4      | Lost mutation: Your muscles are strong. (Str +2) [potion of mutation]
  3114 | D:4      | Shot with an arrow by a centaur

Vault maps used:
D:1:      dpeg_arrival_long_road, grunt_decor_cap
D:2:      zin_scriptorium, makhleb_altar_promises_db, lemuel_crystal_altar,
          first_bread, uniq_terence
D:3:      lemuel_round_altar, lemuel_flame_loot_1, uniq_iyjb, uniq_robin,
          uniq_jessica
D:4:      kennysheep_the_goblin_king, minmay_temple_entry_hall

Skill      XL: |  1  2  3  4  5 |
---------------+----------------+-----
Stealth        | 3 4 5 |  5.0
Spellcasting   | 4 5 |  5.1
Conjurations   | 5 |  5.9
Charms         | 1 |  1.1
Dodging        | |  2.4

Action                   |  1- 3 |  4- 6 || total
-------------------------+-------+-------++-------
Melee: Unarmed           |       |     4 ||     4
 Cast: Magic Dart        |    75 |   104 ||   179
       Iskenderun's Myst |       |     3 ||     3
  Use: Potion            |       |     7 ||     7
       Scroll            |       |     6 ||     6
  Eat: Chunk             |     1 |     5 ||     6
